 Dungeon Crawl Stone Soup version 0.31-a0-765-g67fe2935dc (webtiles) character file.

Game seed: 724199440802714702

334 heikuro the Shield-Bearer (level 6, 0/44 HPs)
             Began as a Formicid Fighter on Sept 15, 2023.
             Was a Follower of Hepliaklqana.
             Slain by an ogre
             ... wielding a +0 giant club
              (19 damage)
             ... on level 5 of the Dungeon.
             The game lasted 00:08:01 (3270 turns).

heikuro the Shield-Bearer (Formicid Fighter)        Turns: 3270, Time: 00:08:02

Health: 0/44       AC:  7    Str: 23    XL:     6   Next: 83%
Magic:  7/7        EV:  9    Int:  7    God:    Hepliaklqana [*.....]
Gold:   159        SH:  5    Dex: 13    Spells: 5/5 levels left

rFire   . . .        a - +1 war axe
rCold   . . .        c - +0 buckler
rNeg    . . .        v - +0 scale mail
rPois   .            (helmet unavailable)
rElec   .            (no cloak)
rCorr   .            (no gloves)
SInv    +            (no boots)
Will    .....        (no amulet) Stlth
                     (no ring)
HPRegen 0.27/turn    (no ring)
MPRegen 0.10/turn

%: no passive effects
@: no status effects
A: reduced essence, permanent stasis, dig shafts and tunnels, antennae 3, four
strong arms
a: Dig, Shaft Self, Renounce Religion, Recall Ancestor, Ancestor Identity


You were on level 5 of the Dungeon.
You worshipped Hepliaklqana.
Hepliaklqana was aware of your devotion.
You visited 1 branch of the dungeon, and saw 5 of its levels.

You collected 159 gold pieces.

Inventory:

Hand Weapons
 a - a +1 war axe (weapon)
 b - the +3 sling of Earthquakes {drain, rElec rN+ Str+3}
   (You found it on level 4 of the Dungeon)

   Str+3:     It affects your strength (+3).
   rElec:     It insulates you from electricity.
   rN+:       It protects you from negative energy.
Missiles
 i - 12 poisoned darts (quivered)
Armour
 c - a +0 buckler (worn)
 v - a +0 scale mail (worn)
Jewellery
 w - a ring of ice
Wands
 o - a wand of flame (32)
Scrolls
 e - a scroll of revelation {unknown}
 f - a scroll of silence {unknown}
 g - 3 scrolls of identify {unknown}
 j - a scroll of fear {unknown}
 k - 3 scrolls of enchant weapon
 l - a scroll of vulnerability {unknown}
 q - a scroll of fog {unknown}
 s - a scroll of teleportation {unknown}
 x - a scroll of immolation {unknown}
Potions
 d - 2 potions of might
 h - 2 potions of brilliance {unknown}
 m - a potion of haste {unknown}
 n - a potion of enlightenment {unknown}
 p - a potion of resistance {unknown}
 r - 2 potions of heal wounds {unknown}
 t - a potion of lignification {unknown}
 u - a potion of curing {unknown}


   Skills:
 + Level 4.4 Fighting
 * Level 4.2 Axes
 + Level 0.8 Ranged Weapons
 + Level 4.3 Armour
 + Level 5.2 Shields
 + Level 2.2 Invocations


You had 5 spell levels left.
You didn't know any spells.
Your spell library was empty.

Dungeon Overview and Level Annotations

Branches:
Dungeon (5/15)
 Temple: D:4-7

Altars:
Hepliaklqana
Ru
Vehumet
Xom


Innate Abilities, Weirdness & Mutations

Your life essence is reduced to manifest your ancestor. (-10% HP)
You cannot be hasted, slowed, berserked, paralysed or teleported.
You can dig through walls and to a lower floor.
You have a pair of large antennae on your head. (SInv)
Your four strong arms can wield two-handed weapons with a shield.


Message History

The white imp gestures at you. The puff of frost hits you.
You shoot a sling bullet.
The sling bullet hits the white imp but does no damage.
The white imp is lightly wounded.
The white imp gestures at you. The puff of frost hits you.
You are too injured to fight recklessly!
Unknown command.
a - a +1 war axe (weapon)
The white imp gestures at you. The puff of frost hits you.
* * * LOW HITPOINT WARNING * * *
You are too injured to fight recklessly!
You are too injured to fight recklessly!
You slash the white imp!
You kill the white imp!
You block the scorpion's attack.
You slash the scorpion!
The scorpion is almost dead.
You block the scorpion's attack.
You slash the scorpion!
You kill the scorpion!
You see here a scorpion corpse.
You start resting.
HP restored.
An ogre comes into view. It is wielding a +0 giant club.
The ogre shouts!
You hit the ogre but do no damage. The ogre barely misses you.
You hit the ogre.
The ogre is lightly wounded.
The ogre closely misses you.
You hit the ogre.
The ogre is moderately wounded.
The ogre hits you with a +0 giant club!!
Ouch! That really hurt!
You barely miss the ogre.
The ogre is moderately wounded.
The ogre hits you with a +0 giant club!!
You die...

# #. #. #. #.###{
###.. ...# { .....
#.####### ......
#R@O....#
......##.#####.#
#......# #####†##
##.######.
#.........
#######..######.
+###..............
.........#..######


You could see the friendly Zada the ancestor and an ogre (ally target).

Vanquished Creatures
  A scorpion (D:5)
  A howler monkey (D:4)
  An orc priest (D:4)
  2 iguanas (D:4)
  An orc wizard (D:4)
  3 adders
  3 gnolls (D:4)
  A white imp (D:5)
  A worm (D:4)
  2 dart slugs
  6 orcs
  6 endoplasms
  2 giant cockroaches
  8 goblins
  4 hobgoblins
  3 jackals (D:1)
  3 quokkas
  5 ball pythons
  3 bats
  2 frilled lizards (D:2)
  5 kobolds
  2 rats
65 creatures vanquished.

Notes
Turn   | Place    | Note
-------+----------+-------------------------------------------
     0 | D:1      | heikuro the Formicid Fighter began the quest for the Orb.
     0 | D:1      | Reached XP level 1. HP: 18/18 MP: 1/1
   300 | D:1      | Reached XP level 2. HP: 24/24 MP: 2/2
   620 | D:2      | Reached XP level 3. HP: 27/29 MP: 3/3
  1354 | D:3      | Reached XP level 4. HP: 37/37 MP: 4/4
  1622 | D:3      | Found a hazy altar of Hepliaklqana.
  1624 | D:3      | Found a shimmering altar of Xom.
  1625 | D:3      | Noticed a spectral ugly thing
  1629 | D:3      | Became a worshipper of Hepliaklqana the Forgotten
  2036 | D:4      | Reached XP level 5. HP: 32/42 MP: 5/5
  2057 | D:4      | Reached skill level 1 in Invocations
  2069 | D:4      | Reached skill level 5 in Shields
  2290 | D:4      | Reached XP level 6. HP: 45/48 MP: 7/7
  2503 | D:4      | Found a radiant altar of Vehumet.
  2510 | D:4      | Identified the +3 sling of Earthquakes {drain, rElec rN+
                  | Str+3}
  2820 | D:4      | Found a sacrificial altar of Ru.
  2923 | D:4      | Reached * piety under Hepliaklqana
  3069 | D:5      | Entered Level 5 of the Dungeon
  3264 | D:5      | Noticed an ogre
  3270 | D:5      | Slain by an ogre

Illustrated notes

Levels and vault maps discovered:
D:1:      scummos_arrival_hexagon, layout_basic
D:2:      layout_basic, minivault_26
D:3:      layout_loops_ring, regret_index_temple_of_mockery
D:4:      layout_cave_pods, mainiacjoe_overflow_tiny_flanked,
          mainiacjoe_overflow_alcove_4
D:5:      layout_loops_ring, minmay_temple_entry_hall, serial_shops,
          nicolae_lakefront_shop, dreamdust_princess_corridor, uniq_pikel,
          uniq_ijyb

Skill      XL: |  1  2  3  4  5  6 |
---------------+-------------------+-----
Axes           | 3 4 |  4.2
Fighting       | 4 |  4.4
Armour         | 4 |  4.3
Invocations    | 1 2 |  2.2
Shields        | 5 |  5.2
Ranged Weapons | |  0.8

Action                     |  1- 3 |  4- 6 || total
---------------------------+-------+-------++-------
  Melee: War axe           |    84 |    67 ||   151
   Fire: Sling             |       |    43 ||    43
    Use: Scroll            |     1 |       ||     1
 Armour: Scale mail        |    74 |    63 ||   137
  Dodge: Dodged            |    37 |    33 ||    70
  Block: Buckler           |    15 |    16 ||    31

Table legend: (Time is in decaauts)
 A = Elapsed time spent in this place.
 B = Non-inter-level travel time spent in this place.
 C = Inter-level travel time spent in this place.
 D = Time resting spent in this place.
 E = Time spent auto-exploring this place.
 F = Levels seen in this place.
 G = Mean time per level.
                   A        B        C        D        E       F      G
               +--------+--------+--------+--------+--------+-----+--------+
         Total |   3348 |   3181 |    167 |    231 |   2189 |   5 |  669.6 |
       Dungeon |   3348 |   3181 |    167 |    231 |   2189 |   5 |  669.6 |
               +--------+--------+--------+--------+--------+-----+--------+

Top non-repeatable levels by time:
     D:4: 1070 daAuts
     D:2: 727 daAuts
     D:3: 688 daAuts
     D:1: 649 daAuts
     D:5: 213 daAuts
